AoeStats
← john.guargu

MegaRandom

507375984Analyzed
3v3 RM · 15d ago on Sep 17, 2026· 82m 21s· 6 players
Game mode
Random Map
Map size
Normal (6 player)
Population
200
Speed
Normal
Resources
Standard
Victory
Conquest
Starting age
Dark Age
Ending age
Imperial Age
RankedLock teamsTeams togetherTeam positionsShared explorationLock speedFull tech treeHidden civsTurbo modeCheats
Victory
Defeat
🇦🇷 Vikings · Argentina
362
+15
🇦🇷 Poles · Argentina
333
+16
🇦🇷 Bohemians · Argentina
313
+17
🇲🇽 Sicilians · Mexico
386
-19
🇨🇴 Sicilians · Colombia
326
-16
🇨🇴 Japanese · Colombia
273
-13
LAUTY71990
1:06 Loom
7:00 Loom
14:14 Feudal Age
26:53 Castle Age
29:04 Town Watch
35:20 Imperial Age
32:50 Town Patrol
49:19 Elite Berserk
50:16 Scale Mail Armor
50:31 Forging
54:00 Heavy Scorpion
55:06 Chieftains
55:34 Conscription
69:06 Onager
rex77731
2:35 Loom
12:47 Feudal Age
14:56 Wheelbarrow
14:06 Town Watch
16:14 Horse Collar
16:23 Double-Bit Axe
20:55 Forging
20:46 Scale Mail Armor
24:27 Castle Age
22:57 Gold Mining
22:57 Stone Mining
25:48 Hand Cart
25:33 Town Patrol
27:39 Heavy Plow
28:19 Iron Casting
28:00 Chain Mail Armor
27:54 Scale Barding Armor
29:45 Caravan
30:15 Coinage
30:19 Bow Saw
33:14 Stone Shaft Mining
33:58 Chain Barding Armor
33:54 Chain Mail Armor
35:12 Szlachta Privileges
37:42 Imperial Age
37:12 Fletching
39:23 Conscription
38:24 Elite Obuch
39:25 Lechitic Legacy
40:42 Chemistry
40:02 Ballistics
39:25 Treadmill Crane
41:53 Siege Engineers
42:08 Clinker Construction
50:48 Plate Mail Armor
51:18 Blast Furnace
50:15 Bodkin Arrow
50:20 Padded Archer Armor
53:06 Cavalier
53:46 Husbandry
53:07 Light Cavalry
53:58 Bloodlines
54:09 Squires
53:55 Arson
55:29 Heavy Cavalry Archer
55:29 Elite Skirmisher
55:30 Crossbowman
56:16 Thumb Ring
58:45 Bombard Tower
58:38 Masonry
58:39 Bracer
58:55 Leather Archer Armor
63:46 Winged Hussar
67:39 Crop Rotation
71:25 Arbalester
78:52 Murder Holes
79:07 Fortified Wall
78:48 Guard Tower
78:43 Arrowslits
79:09 Careening
79:19 Carvel Hull
82:26 Banking
Maurusoscuro
11:00 Feudal Age
13:03 Wheelbarrow
15:23 Double-Bit Axe
26:38 Horse Collar
35:00 Castle Age
36:00 Hand Cart
40:36 Heavy Plow
40:53 Bow Saw
45:00 Man-at-Arms
45:42 Long Swordsman
50:32 Imperial Age
52:28 Two-Man Saw
53:46 Siphons
74:38 Cavalier
75:21 Husbandry
eduardolucifer30
0:34 Loom
12:18 Feudal Age
13:46 Wheelbarrow
14:28 Double-Bit Axe
14:51 Horse Collar
20:25 Gold Mining
25:25 Castle Age
26:38 Bow Saw
27:13 Heavy Plow
28:17 Gold Shaft Mining
29:31 Hand Cart
30:12 Town Watch
33:06 Coinage
32:38 Caravan
32:28 Fishing Lines
34:24 Murder Holes
35:11 Town Patrol
35:25 Padded Archer Armor
37:25 Leather Archer Armor
37:10 Scale Mail Armor
37:21 Forging
37:15 Crossbowman
40:46 Stone Mining
41:26 Light Cavalry
42:17 Bloodlines
42:50 Husbandry
49:04 Imperial Age
46:36 Fletching
50:21 Cavalier
50:50 Elite Serjeant
52:09 Ballistics
52:05 Masonry
53:28 Crop Rotation
54:09 Capped Ram
62:29 First Crusade
62:36 Conscription
67:15 Siege Ram
69:02 Heavy Scorpion
69:29 Pikeman
76:39 Arbalester
78:16 Banking
john.guargu
1:08 Loom
13:18 Feudal Age
16:06 Wheelbarrow
15:35 Fishing Lines
17:39 Horse Collar
17:58 Double-Bit Axe
18:21 Gold Mining
24:34 Castle Age
24:11 Stone Mining
25:36 Bow Saw
28:20 Heavy Plow
33:03 Hand Cart
34:10 Gold Shaft Mining
35:29 Town Watch
41:01 Forging
40:51 Scale Mail Armor
40:57 Scale Barding Armor
40:53 Padded Archer Armor
40:43 Fletching
45:23 Imperial Age
43:24 Pikeman
44:05 Squires
43:50 Arson
46:03 Chain Mail Armor
46:03 Leather Archer Armor
46:55 Cavalier
47:35 Husbandry
48:27 Yasama
49:20 Crossbowman
50:07 Thumb Ring
53:45 Elite Samurai
53:55 Halberdier
58:02 Plate Mail Armor
58:03 Ring Archer Armor
57:29 Bodkin Arrow
57:54 Chain Barding Armor
58:10 Iron Casting
59:44 Two-Man Saw
60:43 Arbalester
79:26 Blast Furnace
78:27 Bracer
JUALIOPO3107399
1:33 Loom
15:50 Feudal Age
16:42 Double-Bit Axe
17:54 Horse Collar
18:30 Forging
18:22 Scale Mail Armor
18:28 Scale Barding Armor
19:43 Wheelbarrow
18:54 Town Watch
25:16 Padded Archer Armor
26:42 Gold Mining
27:07 Fletching
27:23 Stone Mining
28:25 Arson
29:29 Man-at-Arms
33:32 Fishing Lines
36:52 Castle Age
38:30 Hand Cart
38:16 Town Patrol
37:41 Crossbowman
37:42 Elite Skirmisher
37:46 Long Swordsman
37:47 Pikeman
38:13 Gambesons
38:28 Squires
38:37 Heavy Plow
39:15 Gold Shaft Mining
39:16 Stone Shaft Mining
39:25 Gillnets
41:42 Light Cavalry
43:29 Bloodlines
43:20 Husbandry
47:30 First Crusade
47:17 Caravan
47:48 Coinage
47:47 Medium Warships
46:58 Demolition Ship
48:51 Iron Casting
49:05 Iron Casting
Connection lost

Rejoining the realm…

Still unreachable

The connection could not be restored.

Session expired

The server has moved on; the page needs a fresh start.